 Dungeon Crawl Stone Soup version 0.23-a0-577-g2b1de94 (webtiles) character file.

32 Inarius the Chopper (level 3, -4/29 HPs)
             Began as a Human Chaos Knight on Dec 15, 2018.
             Was a Plaything of Xom.
             Killed by divine providence
             ... invoked by an orc priest
              (13 damage)
             ... on level 2 of the Dungeon.
             The game lasted 00:01:23 (1022 turns).

Inarius the Chopper (Human Chaos Knight)            Turns: 1022, Time: 00:01:24

Health: -4/29      AC:  6    Str: 13    XL:     3   Next: 42%
Magic:  3/3        EV:  4    Int: 12    God:    Xom [*.....]
Gold:   35         SH: 10    Dex: 12    Spells: 2/2 levels left

rFire    . . .     SeeInvis .   a - +0 hand axe (chaos)
rCold    . . .     Gourm    .   k - +0 large shield
rNeg     . . .     Faith    .   e - +0 scale mail
rPois    .         Spirit   .   (no helmet)
rElec    .         Reflect  .   (no cloak)
rCorr    .         Harm     .   (no gloves)
MR       .....                  (no boots)
Stlth    ..........             (no amulet)
HPRegen  0.09/turn              (no ring)
MPRegen  0.08/turn              (no ring)

@: hasted, very quick
A: no striking features
a: Renounce Religion


You were on level 2 of the Dungeon.
You worshipped Xom.
You were a special plaything of Xom.
You were not hungry.

You visited 1 branch of the dungeon, and saw 2 of its levels.

You collected 35 gold pieces.

Inventory:

Hand Weapons
 a - a +0 hand axe of chaos (weapon)
 j - a +1 flail of crushing
Armour
 e - a +0 scale mail (worn)
 k - a +0 large shield (worn)
Scrolls
 d - a scroll of remove curse {unknown}
 f - 3 scrolls of identify {unknown}
 g - a scroll of enchant weapon {unknown}
 i - a scroll of teleportation {unknown}
Potions
 b - a potion of heal wounds {unknown}
 l - a potion of agility {unknown}
Comestibles
 c - 4 rations
 h - 2 chunks of flesh


   Skills:
 + Level 3.3 Fighting
 * Level 3.7 Axes
 + Level 2.1 Armour
 + Level 1.0 Dodging
 + Level 0.7 Stealth


You had 2 spell levels left.
You didn't know any spells.
Your spell library was empty.

Dungeon Overview and Level Annotations

Branches:
Dungeon (2/15)

Altars:


Message History

You are too injured to fight recklessly!
You are too injured to fight recklessly!
You are too injured to fight recklessly!
You are too injured to fight recklessly!
You are too injured to fight recklessly!
You are too injured to fight recklessly!
You are too injured to fight recklessly!
You are too injured to fight recklessly!
You are too injured to fight recklessly!
You are too injured to fight recklessly!
You are too injured to fight recklessly!
You are too injured to fight recklessly!
You are too injured to fight recklessly!
You swap places.
The orc priest closely misses your butterfly.
You swap places.
The orc priest invokes the aid of Beogh against you.
Beogh smites you!
You die...
Xom titters!

##
#.#.#...##.............
#.#.#...###.###########
#.#.#...รท.)........####
..#.#..####.#..........
#.#..# #.#.####.####
#.#..####.#..........
#.#.......######.....
#.##.###### ######
#.##@# #b# #.# #b# #o#


oor #.... #b.... ....... You could see 2 orc priests, an orc wizard and a rat.

Vanquished Creatures
  A leopard gecko (D:1)
  An orc (D:2)
  3 bats (D:1)
  3 giant cockroaches (D:1)
  5 goblins (D:1)
  3 hobgoblins (D:1)
  3 jackals (D:2)
  A frilled lizard (D:1)
  3 kobolds
  3 rats
26 creatures vanquished.

Notes
Turn   | Place    | Note
-------+----------+-------------------------------------------
     0 | D:1      | Inarius the Human Chaos Knight began the quest for the Orb.
     0 | D:1      | Reached XP level 1. HP: 18/18 MP: 1/1
   106 | D:1      | XOM: potion effect (might)
   310 | D:1      | XOM: silly message
   333 | D:1      | Reached XP level 2. HP: 24/24 MP: 2/2
   666 | D:1      | XOM: harmless Tloc miscast
   709 | D:1      | Reached XP level 3. HP: 24/29 MP: 3/3
  1016 | D:2      | XOM: potion effect (haste)
  1019 | D:2      | XOM: butterfly on damage
  1022 | D:2      | Killed from afar by an orc priest

Vault maps used:
D:1:      dpeg_arrival_triangle_fractal
D:2:      ashenzari_altar_1, first_ration

Action                   || total
-------------------------++-------
Melee: Hand axe          ||    74
 Stab: Petrified         ||     3
Armor: Scale mail        ||    34
Dodge: Dodged            ||    25
Block: Large shield      ||     2

Table legend:
 A = Non-vault XP
 B = Vault XP
 C = Vault XP percentage of total XP
 D = Non-vault monster count
 E = Vault monster count
 F = Vault count percentage of total count
                 A         B        C        D         E       F
            +---------+---------+-------+---------+---------+-------
      Total |      46 |       0 |   0.0 |      26 |       0 |   0.0
            +---------+---------+-------+---------+---------+-------
        D:1 |      33 |       0 |   0.0 |      19 |       0 |   0.0
        D:2 |      13 |       0 |   0.0 |       7 |       0 |   0.0
            +---------+---------+-------+---------+---------+-------
